 Dungeon Crawl Stone Soup version 0.28.0 (webtiles) character file.

Game seed: 12473123325477083785

14079 Sharkman1231 the Martial Artist (level 11, -5/83 HPs)
             Began as a Demonspawn Delver on Feb 6, 2022.
             Was a Believer of Makhleb.
             Hit by a large rock thrown by a cyclops (27 damage)
             ... on level 11 of the Dungeon.
             The game lasted 00:15:00 (13786 turns).

Sharkman1231 the Martial Artist (DsDe)             Turns: 13786, Time: 00:15:01

Health: -5/83      AC:  9    Str: 13    XL:     11   Next: 84%
Magic:  0/11       EV: 15    Int: 17    God:    Makhleb [**....]
Gold:   481        SH:  0    Dex: 19    Spells: 6/10 levels left

rFire   . . .      SeeInvis .     - Unarmed
rCold   . . .      Faith    .   (no shield)
rNeg    . . .      Spirit   +   w - +3 leather armour {Will+}
rPois   +          Reflect  .   (helmet restricted)
rElec   .          Harm     .   z - +1 cloak
rCorr   .          Rampage  .   (gloves unavailable)
Will    +....      Rage     1%  (no boots)
Stlth   ++++......              v - amulet of guardian spirit
HPRegen 0.23/turn               r - ring of poison resistance
MPRegen 0.12/turn               x - +6 ring of intelligence

@: studying Fire Magic
A: claws 3, demonic guardian 1, foul stench 1, sharp scales 1, beak, berserk 1,
poison resistance
a: Renounce Religion, Minor Destruction


You were on level 11 of the Dungeon.
You worshipped Makhleb.
Makhleb was pleased with you.
You visited 2 branches of the dungeon, and saw 12 of its levels.
You also visited: Bailey.

You collected 670 gold pieces.
You spent 189 gold pieces at shops.

Inventory:

Hand Weapons
 a - a +2 dagger of venom
 f - a +4 whip of electrocution
 k - a +0 falchion
Missiles
 e - 2 throwing nets (quivered)
 y - a curare-tipped dart
Armour
 w - a +3 leather armour of willpower (worn)
 z - a +1 cloak (worn)
 D - +0 steam dragon scales
Jewellery
 i - a ring of ice
 p - an amulet of the acrobat
 r - a ring of poison resistance (left claw)
 v - an amulet of guardian spirit (around neck)
 x - a +6 ring of intelligence (right claw)
 A - a ring of resist corrosion
Wands
 g - a wand of digging (3)
 h - a wand of acid (10)
 m - a wand of paralysis (7)
 G - a wand of iceblast (3)
 I - a wand of charming (2)
Scrolls
 b - 2 scrolls of vulnerability {unknown}
 c - 4 scrolls of fog
 d - a scroll of immolation {unknown}
 n - 2 scrolls of enchant weapon
 o - a scroll of silence {unknown}
 q - 3 scrolls of summoning
 B - 4 scrolls of teleportation
 H - 3 scrolls of fear
 J - 2 scrolls of blinking
 K - a scroll of holy word {unknown}
 M - a scroll of torment {unknown}
Potions
 j - 3 potions of curing
 l - 2 potions of mutation
 s - 3 potions of brilliance
 u - 5 potions of magic
 C - 2 potions of ambrosia
 E - a potion of heal wounds
 F - 2 potions of lignification
 L - a potion of flight {unknown}
Miscellaneous
 t - a box of beasts


   Skills:
 + Level 6.9 Fighting
 + Level 5.2(5.5) Short Blades
 - Level 2.4(4.2) Long Blades
 + Level 5.7 Dodging
 + Level 7.7 Stealth
 * Level 12.8 Unarmed Combat
 + Level 4.2 Fire Magic
 - Level 6.0 Evocations


You had 6 spell levels left.
You knew the following spells:

 Your Spells              Type           Power      Damage    Failure   Level
a - Sticky Flame          Conj/Fire      7%         2d3       77%         4

Your spell library contained the following spells:

 Spells                   Type           Power      Damage    Failure   Level
 Summon Small Mammal      Summ           0%         N/A       30%         1
 Conjure Flame            Conj/Fire      7%         6-21      36%         3
 Inner Flame              Hex/Fire       7%         N/A       36%         3
 Ensorcelled Hibernation  Hex/Ice        0%         N/A       41%         2
 Passwall                 Tmut/Erth      0%         N/A       41%         2
 Ignite Poison            Fire/Tmut/Pois 4%         N/A       45%         3
 Call Canine Familiar     Summ           0%         N/A       65%         3
 Ozocubu's Armour         Ice            0%         N/A       65%         3
 Summon Guardian Golem    Hex/Summ       0%         N/A       65%         3
 Swiftness                Air            0%         N/A       65%         3
 Cause Fear               Hex            0%         N/A       96%         4
 Fulminant Prism          Conj/Hex       0%         3d6       96%         4
 Iskenderun's Mystic Bla  Conj/Tloc      0%         2d3       96%         4
 Lee's Rapid Deconstruct  Erth           0%         3d5*      100%        5
 Metabolic Englaciation   Hex/Ice        0%         N/A       100%        5
 Simulacrum               Ice/Necr       0%         N/A       100%        6
 Discord                  Hex            0%         N/A       100%        8


Dungeon Overview and Level Annotations

Branches:
Dungeon (11/15)            Temple (1/1) D:4            Lair (0/6) D:11
 Bailey (visited)
    Orc: D:9-12

Altars:
Ashenzari
Cheibriados
Dithmenos
Elyvilon
Fedhas
Gozag
Hepliaklqana
Kikubaaqudgha
Makhleb
Nemelex Xobeh
Okawaru
Qazlal
Ru
Sif Muna
Trog
Uskayaw
Vehumet
Wu Jian
Xom
Yredelemnul
Zin
The Shining One

Shops:
D:3 [   D:7 ([(**

Annotations:
D:7 Joseph


Innate Abilities, Weirdness & Mutations

You have claws for hands.
A weak demonic guardian rushes to your aid.
You may rarely emit foul miasma when damaged in melee.
You are partially covered in razor-sharp scales. (AC +1, Slay +1)
You have a beak for a mouth.
You tend to lose your temper in combat.
Your system is resistant to poisons. (rPois)


Message History

You mangle the wolf!!
You kill the wolf!
Makhleb accepts your kill.
You feel better.
Your electric eel shoots out a bolt of lightning at the hound!
The bolt of electricity hits the hound!
The bolt of electricity hits the troll!
The hound bites your electric eel. The hound misses your electric eel.
The hound closely misses your electric eel.
The hound barely misses your electric eel.
Your electric eel shoots out a bolt of lightning at the hound!
The bolt of electricity hits the hound!
The hound dies!
Makhleb accepts your kill.
A large rock appears from out of your range of vision.
The large rock completely misses your electric eel.
Your electric eel shoots out a bolt of lightning at the troll!
The bolt of electricity hits the troll!
The bolt of electricity hits you!
An electric eel comes into view.
A troll comes into view.
Your electric eel shoots out a bolt of lightning at the troll!
The bolt of electricity hits the troll!
The bolt of electricity hits you.
The troll barely misses your electric eel.
The troll claws your electric eel but does no damage.
The troll barely misses your electric eel.
Something barely misses your electric eel.
Something closely misses your electric eel. x2
The bolt of electricity hits the troll!
The troll dies!
Makhleb accepts your kill.
A bolt of electricity appears from out of your range of vision.
Training target 6.0 for Evocations reached!
Your Evocations skill increases to level 6!
Things that are here:
a hound corpse; a wolf corpse A cyclops comes into view.
The electric eel shoots out a bolt of lightning at you!
The bolt of electricity hits you.
* * * LOW HITPOINT WARNING * * *
The cyclops throws a large rock.
The large rock hits you!!
You die...

# #...# #...≈≈≈≈≈≈≈≈≈ #
#...# #.TS≈≈≈.≈≈≈≈≈ #
#...# #..C...≈≈.≈≈≈
#####...######.≈....≈...≈.
......................≈...
.................†........
...............#.####.....
#####...######.#.####.##..
###...### #...@.....# #
#.......# #.##†#.####
###.#...#.#
#.##†#.########
.##.#...#<#
#.##..........#
........#.#
#.####.######.#
.##.#...#.# #.####.#
###.#####.###......#
............########
##.......##.#


You could see a cyclops, a troll and an electric eel.

Vanquished Creatures
  An orc warlord (Bailey)
  Josephine (D:9)
  A two-headed ogre (D:11)
  Pikel (D:7)
  An orc knight (Bailey)
  An ugly thing (D:9)
  Maurice (D:10)
  2 gargoyles
  Psyche (D:8)
  An unseen horror (D:10)
  A komodo dragon (D:10)
  Sigmund (D:5)
  3 yaks (D:10)
  4 wraiths
  A wyvern (D:9)
  Grum (D:8)
  Eustachio (D:5)
  A steam dragon (D:7)
  Menkaure (D:6)
  An acid dragon (D:11)
  6 orc warriors
  A water moccasin (D:9)
  2 necrophages (D:5)
  A black bear (D:6)
  An ice beast (D:7)
  4 centaurs
  An ogre (D:6)
  7 wolves
  3 lemures
  Blork the orc (D:6)
  2 kobold brigands
  2 bullfrogs
  A scorpion (D:5)
  3 gnoll sergeants
  A water moccasin zombie (D:5)
  2 water moccasin skeletons (D:5)
  8 wights
  4 howler monkeys
  3 hounds
  4 centaur zombies
  A centaur skeleton (D:4)
  4 jellies
  An orc priest (D:7)
  2 bullfrog skeletons (D:6)
  5 orc wizards
  An iguana (D:7)
  2 hound skeletons
  2 hound zombies (D:5)
  2 howler monkey zombies
  19 gnolls
  4 adders
  A shadow imp (D:7)
  A white imp (D:6)
  2 ufetubi
  A worm (D:3)
  26 orcs
  7 ball pythons
  4 endoplasms
  4 giant cockroaches
  21 goblins
  12 hobgoblins
  24 kobolds
  5 quokkas
  3 bats (D:2)
  2 frilled lizards
  10 rats
249 creatures vanquished.

Vanquished Creatures (collateral kills)
  A troll (D:11)
  An orc warrior (D:7)
  A water moccasin zombie (D:5)
  A hound (D:11)
  A bullfrog skeleton (D:5)
  2 kobolds
7 creatures vanquished.

Vanquished Creatures (others)
  An electric eel (D:11)
  7 withered plants (D:5)
8 creatures vanquished.

Grand Total: 264 creatures vanquished

Notes
Turn   | Place    | Note
-------+----------+-------------------------------------------
     0 | D:5      | Sharkman1231 the Demonspawn Delver began the quest for the
                  | Orb.
     0 | D:5      | Reached XP level 1. HP: 18/18 MP: 1/1
    43 | D:5      | Reached skill level 1 in Evocations
    43 | D:5      | Gained mutation: You have sharp fingernails. [demonic
                  | ancestry]
    43 | D:5      | Reached XP level 2. HP: 19/24 MP: 2/2
    43 | D:5      | Gained mutation: A weak demonic guardian rushes to your
                  | aid. [demonic ancestry]
    43 | D:5      | Reached XP level 3. HP: 23/29 MP: 3/3
    44 | D:5      | Reached XP level 4. HP: 28/35 MP: 4/4
   148 | D:4      | Reached skill level 1 in Unarmed Combat
   210 | D:4      | Found a staircase to the Ecumenical Temple.
   229 | Temple   | Entered the Ecumenical Temple
   358 | D:3      | Found Gaxysoxko's Antique Armour Shoppe.
  1638 | D:1      | Gained mutation: You have very sharp fingernails. [demonic
                  | ancestry]
  1638 | D:1      | Reached XP level 5. HP: 41/41 MP: 5/5
  2010 | D:2      | Found a sparkling altar of Nemelex Xobeh.
  2304 | D:2      | Found a faded altar of an unknown god.
  2844 | D:4      | Reached skill level 1 in Short Blades
  2844 | D:4      | Reached skill level 5 in Stealth
  3225 | D:4      | Reached skill level 2 in Unarmed Combat
  3556 | D:5      | Gained mutation: You have claws for hands. [demonic
                  | ancestry]
  3556 | D:5      | Reached XP level 6. HP: 44/48 MP: 6/6
  3637 | D:5      | Noticed Eustachio
  3663 | D:5      | Killed Eustachio
  3968 | D:5      | Reached skill level 3 in Unarmed Combat
  3968 | D:5      | Gained mutation: You are partially covered in razor-sharp
                  | scales. (AC +1, Slay +1) [demonic ancestry]
  3968 | D:5      | Reached XP level 7. HP: 45/54 MP: 7/7
  4069 | D:5      | Noticed Sigmund
  5093 | D:5      | Reached XP level 8. HP: 48/61 MP: 8/8
  5177 | D:5      | Reached skill level 4 in Unarmed Combat
  5359 | D:5      | Killed Sigmund
  5457 | D:6      | Noticed Blork the orc
  5812 | D:6      | Noticed Menkaure
  5863 | D:6      | Reached skill level 5 in Fighting
  5919 | D:7      | Found Quysuj's Assorted Antiques.
  5937 | D:7      | Reached skill level 5 in Unarmed Combat
  5949 | D:7      | Bought a large gilded ring for 135 gold pieces
  5971 | D:7      | Found a flagged portal.
  6023 | Bailey   | Entered a bailey
  6048 | Bailey   | Noticed an orc warlord
  6176 | Bailey   | Noticed an orc knight
  6214 | Bailey   | Gained mutation: You have a pair of small horns on your
                  | head. [potion of mutation]
  6240 | Bailey   | Killed an orc knight
  6241 | Bailey   | Reached XP level 9. HP: 9/68 MP: 2/9
  6630 | Bailey   | Found a runed translucent gate.
  6630 | Bailey   | Found a runed translucent gate.
  6630 | Bailey   | Found a runed translucent gate.
  6835 | Bailey   | Reached skill level 11 in Unarmed Combat
  6835 | Bailey   | Reached XP level 10. HP: 75/75 MP: 10/10
  7037 | Bailey   | Killed an orc warlord
  7376 | D:7      | Reached skill level 12 in Unarmed Combat
  7566 | D:7      | Found Bext's Assorted Antiques.
  7636 | D:7      | Found Ugioti's Armour Boutique.
  7738 | D:7      | Found a burning altar of Makhleb.
  7758 | D:7      | Found an ancient bone altar of Kikubaaqudgha.
  7763 | D:7      | Noticed Joseph
  7781 | D:7      | Became a worshipper of Makhleb the Destroyer
  7841 | D:6      | Killed Blork the orc
  7949 | D:6      | Killed Menkaure
  8068 | D:6      | Reached skill level 5 in Evocations
  8388 | D:6      | Learned a level 4 spell: Sticky Flame
  8463 | D:7      | Found Meuduala's Weapon Shoppe.
  8676 | D:7      | Bought a scroll of identify for 54 gold pieces
  8788 | D:7      | Found Foghofeo's Antique Weapon Shoppe.
  9232 | D:8      | Noticed Psyche
  9248 | D:8      | Killed Psyche
  9249 | D:8      | Reached skill level 1 in Fire Magic
  9515 | D:8      | Reached * piety under Makhleb
  9597 | D:8      | Noticed Pikel
  9881 | D:8      | Noticed Grum
  9939 | D:8      | Reached skill level 5 in Dodging
  9939 | D:8      | Gained mutation: You may rarely emit foul miasma when
                  | damaged in melee. [demonic ancestry]
  9939 | D:8      | Reached XP level 11. HP: 71/81 MP: 11/11
 10037 | D:7      | Killed Pikel
 10366 | D:8      | Killed Grum
 10792 | D:8      | Found a shadowy altar of Dithmenos.
 10792 | D:8      | Found a radiant altar of Vehumet.
 11262 | D:9      | Found a basalt altar of Yredelemnul.
 11518 | D:9      | Noticed a green ugly thing
 11526 | D:9      | Killed a green ugly thing
 11915 | D:9      | Lost mutation: You have a pair of small horns on your head.
                  | [potion of mutation]
 11915 | D:9      | Gained mutation: You tend to lose your temper in combat.
                  | [potion of mutation]
 11915 | D:9      | Gained mutation: You have a beak for a mouth. [potion of
                  | mutation]
 11915 | D:9      | Gained mutation: Your system is resistant to poisons.
                  | (rPois) [potion of mutation]
 11949 | D:10     | Entered Level 10 of the Dungeon
 11992 | D:10     | Noticed Maurice
 12034 | D:11     | Noticed a two-headed ogre
 12043 | D:11     | Killed a two-headed ogre
 12584 | D:10     | Killed Maurice
 12663 | D:10     | Reached skill level 5 in Short Blades
 12794 | D:10     | Found a bloodstained altar of Trog.
 12816 | D:10     | Reached ** piety under Makhleb
 12952 | D:10     | Noticed Josephine
 12962 | D:9      | Killed Josephine
 13733 | D:11     | Found a staircase to the Lair.
 13786 | D:11     | Hit by a large rock thrown by a cyclops

Illustrated notes

Levels and vault maps discovered:
D:1:      eino_arrival_cavern_e, layout_rooms, corexii_item_surrounded_by_moat
D:2:      layout_loops_ring, dilly_ecumenical_altar_fadedgnrine, basic_altar,
          grunt_ministairs_15, st_stairs_7, minmay_misc_feat_tower,
          minmay_vboxes
D:3:      layout_loops_ring, serial_shops, shop, minmay_misc_feat_x
D:4:      layout_cave_pools, minmay_temple_entry_trees,
          kennysheep_generic_room_12
D:5:      layout_loops_ring, serial_undead, serial_undead_a, serial_undead_b,
          serial_undead_e, serial_undead_d, hangedman_abyss_or_decor_stabs,
          uniq_eustachio, uniq_sigmund
D:6:      layout_cave_pools, uniq_menkaure, uniq_blork_the_orc
D:7:      layout_loops_cross, kennysheep_mini_moat,
          mainiacjoe_overflow_catwalk_spiral, serial_shops,
          nicolae_shop_advertising_works [nicolae_subvault_shop_adworks], shop,
          nicolae_shop_competitors_out_of_business, nicolae_shop_waterfront,
          kennysheep_little_box, enter_bailey_5, kennysheep_dice, uniq_joseph
D:8:      layout_cave_pools, amethyst_overflow_temple_binary, uniq_grum,
          uniq_psyche, uniq_pikel
D:9:      layout_cave_pods, lemuel_tele_altar
D:10:     layout_rooms, mainiacjoe_overflow_brackets, uniq_maurice,
          uniq_josephine
D:11:     layout_loops_cross, erik_lair_island
Temple:   minmay_freezing_vapour_temple

Skill      XL: |  1  2  3  4  5  6  7  8  9 10 11 |
---------------+----------------------------------+-----
Long Blades    | 2 |  2.4
Dodging        | 2 3 4 5 |  5.7
Evocations     | 1 2 3 4 5 6 |  6.0
Unarmed Combat | 1 2 3 5 11 12 | 12.8
Short Blades   | 1 2 3 4 5 |  5.2
Stealth        | 5 6 7 |  7.7
Fighting       | 4 5 6 |  6.9
Fire Magic     | 1 4 |  4.2

Action                   |  1- 3 |  4- 6 |  7- 9 | 10-12 || total
-------------------------+-------+-------+-------+-------++-------
Melee: Falchion          |     2 |     2 |       |       ||     4
       Dagger            |       |   197 |   114 |    11 ||   322
       Punch             |       |     2 |     8 |    22 ||    32
       Unarmed           |       |    13 |   117 |   322 ||   452
       Headbutt          |       |       |     1 |    44 ||    45
       Peck              |       |       |       |    17 ||    17
Evoke: Wand              |     2 |       |     7 |     7 ||    16
  Use: Scroll            |       |       |     6 |     6 ||    12
       Potion            |       |       |     5 |     5 ||    10
 Stab: Sleeping          |       |    19 |     3 |     7 ||    29
       Distracted        |       |     1 |     2 |     2 ||     5
Armor: Leather armour    |     2 |    45 |    84 |    90 ||   221
       Skin              |       |       |     9 |     8 ||    17
Dodge: Dodged            |     4 |   120 |   155 |   234 ||   513
